 Dungeon Crawl Stone Soup version 0.29-a0-841-g116ddc6ace (webtiles) character file.

Game seed: 10737157607588800247

243 PyroL the Shooter (level 5, 0/29 HPs)
             Began as a Deep Elf Hunter on July 14, 2022.
             Slain by Crazy Yiuf
             ... wielding a +3 quarterstaff of chaos
              (3 damage)
             ... on level 3 of the Dungeon.
             The game lasted 00:05:45 (2681 turns).

PyroL the Shooter (Deep Elf Hunter)                 Turns: 2681, Time: 00:05:46

Health: 0/29       AC:  4    Str:  8    XL:     5   Next: 82%
Magic:  7/7        EV: 18    Int: 14    God:
Gold:   73         SH:  0    Dex: 20    Spells: 4/4 levels left

rFire   . . .      SeeInvis .   e - +0 scimitar
rCold   . . .      Faith    .   (no shield)
rNeg    . . .      Spirit   .   c - +0 leather armour
rPois   .          Reflect  .   (no helmet)
rElec   .          Harm     .   (no cloak)
rCorr   .          Rampage  .   l - +0 pair of gloves
Will    .....                   (no boots)
Stlth   +++.......              i - amulet of regeneration
HPRegen 0.89/turn               k - +4 ring of evasion
MPRegen 0.10/turn               (no ring)

@: lethally poisoned (0 -> -4)
A: no striking features
a: no special abilities


You were on level 3 of the Dungeon.
You visited 1 branch of the dungeon, and saw 3 of its levels.

You collected 73 gold pieces.

Inventory:

Hand Weapons
 a - a +1 shortbow
 e - a +0 scimitar (weapon)
Armour
 c - a +0 leather armour (worn)
 l - a +0 pair of gloves (worn)
Jewellery
 i - an amulet of regeneration (around neck)
 k - a +4 ring of evasion (left hand)
Wands
 q - a wand of iceblast (5)
Scrolls
 b - a scroll of immolation
 h - 2 scrolls of enchant weapon
 j - a scroll of summoning {unknown}
 m - a scroll of vulnerability
 o - a scroll of blinking {unknown}
 p - 2 scrolls of identify {unknown}
Potions
 d - 3 potions of curing
 f - 2 potions of brilliance {unknown}
 g - a potion of attraction {unknown}
 n - a potion of might {unknown}


   Skills:
 - Level 1.5 Fighting
 * Level 7.3 Ranged Weapons
 * Level 5.0 Dodging
 + Level 3.5 Stealth


You had 4 spell levels left.
You didn't know any spells.
Your spell library contained the following spells:

 Spells                   Type           Power      Damage    Failure   Level
 Summon Forest            Summ/Tloc      0%         N/A       100%        5
 Eringya's Noxious Bog    Tmut/Pois      0%         N/A       100%        6
 Summon Hydra             Summ           0%         N/A       100%        7


Dungeon Overview and Level Annotations

Branches:
Dungeon (3/15)

Altars:
Ru

Annotations:
D:2 Sigmund
D:3 Crazy Yiuf


Message History

You kill the orc priest!
You shoot an arrow. The arrow hits the orc wizard.
The orc wizard is moderately wounded.
The orc wizard hits you with a +0 dagger.
You shoot an arrow. The arrow hits the orc wizard!
You kill the orc wizard!
Your Dodging skill increases to level 5!
No target in view!
Things that are here:
a +0 dagger; a +0 robe; a +0 war axe
Things that are here:
a +0 war axe; a boomerang
Things that are here:
a +0 club; a +0 leather armour
There is a stone staircase leading up here.
Found a scale mail.
You see here a +0 scale mail.
You see here a +0 scale mail.
Found a hammer.
Found a runed translucent door.
You open the door.
Crazy Yiuf yells, "Liver!"
You shoot an arrow. The arrow hits Crazy Yiuf!
Crazy Yiuf is heavily wounded.
You shoot an arrow. The arrow hits Crazy Yiuf.
Crazy Yiuf is heavily wounded.
Crazy Yiuf yells, "Gnoll!
Candle testudinal light."
e - a +0 scimitar (weapon)
Crazy Yiuf hits you with a +3 quarterstaff of chaos!
You are poisoned.
You hit Crazy Yiuf.
Crazy Yiuf is severely wounded.
You feel very sick. Crazy Yiuf barely misses you.
You barely miss Crazy Yiuf.
Crazy Yiuf is severely wounded.
You feel very sick.
Crazy Yiuf hits you with a +3 quarterstaff of chaos!
* * * LOW HITPOINT WARNING * * *
Crazy Yiuf burns you.
You die...

...#.#.## ##..##.####.#
###.#...###...........#
.#.#.....#.......######
.........####....#
.####....# ##..##
.#####.#.# #....#
...<.....# ##...#
.#####.### ##.## .# #.#
##@# .# #.# #g## .# #.#
##.# ## #.# #.## #.#
#'# #.# ... #.# #...#
#.# #)..# ######.#
#####


You could see Crazy Yiuf.

Vanquished Creatures
  An orc priest (D:3)
  Ijyb (D:3)
  Natasha (D:2)
  An orc wizard (D:3)
  Robin (D:2)
  An adder (D:2)
  3 gnolls (D:3)
  2 dart slugs
  3 orcs (D:3)
  6 ball pythons
  10 endoplasms
  2 giant cockroaches (D:1)
  14 goblins
  8 hobgoblins
  5 jackals
  2 quokkas (D:1)
  4 bats
  2 frilled lizards
  4 kobolds
  6 rats
77 creatures vanquished.

Notes
Turn   | Place    | Note
-------+----------+-------------------------------------------
     0 | D:1      | PyroL the Deep Elf Hunter began the quest for the Orb.
     0 | D:1      | Reached XP level 1. HP: 12/12 MP: 3/3
   219 | D:1      | Reached XP level 2. HP: 6/16 MP: 4/4
   585 | D:1      | Reached XP level 3. HP: 20/20 MP: 5/5
   902 | D:2      | Found a faded altar of an unknown god.
   923 | D:2      | Reached skill level 6 in Ranged Weapons
  1059 | D:2      | Noticed Sigmund
  1289 | D:2      | Noticed Robin
  1302 | D:2      | Killed Robin
  1303 | D:2      | Reached XP level 4. HP: 20/25 MP: 6/6
  1483 | D:3      | Noticed Natasha
  1485 | D:3      | Noticed Ijyb
  1501 | D:2      | Killed Natasha
  2032 | D:3      | Killed Ijyb
  2033 | D:3      | Reached XP level 5. HP: 26/29 MP: 7/7
  2263 | D:3      | Found a sacrificial altar of Ru.
  2383 | D:3      | Reached skill level 7 in Ranged Weapons
  2508 | D:3      | Reached skill level 5 in Dodging
  2669 | D:3      | Found a runed translucent door.
  2670 | D:3      | Noticed Crazy Yiuf
  2681 | D:3      | Slain by Crazy Yiuf

Illustrated notes

Levels and vault maps discovered:
D:1:      wander_arrival_chamber, layout_rooms
D:2:      layout_rooms, nicolae_ecumenical_oubliette, uniq_sigmund, uniq_robin
D:3:      layout_loops_ring, nicolae_ru_awakened_eye, minmay_misc_feat_five,
          uniq_natasha, uniq_crazy_yiuf_cottage, uniq_ijyb

Skill      XL: |  1  2  3  4  5 |
---------------+----------------+-----
Dodging        | 3 4 5 |  5.0
Stealth        | 2 3 |  3.5
Ranged Weapons | 6 7 |  7.3
Fighting       | |  1.5

Action                   |  1- 3 |  4- 6 || total
-------------------------+-------+-------++-------
Melee: Scimitar          |     8 |    41 ||    49
 Fire: Shortbow          |   110 |    51 ||   161
  Use: Scroll            |     3 |     1 ||     4
       Potion            |     1 |     1 ||     2
Armor: Leather armour    |    16 |    12 ||    28
Dodge: Dodged            |    71 |    49 ||   120

Table legend: (Time is in decaauts)
 A = Elapsed time spent in this place.
 B = Non-inter-level travel time spent in this place.
 C = Inter-level travel time spent in this place.
 D = Time resting spent in this place.
 E = Time spent auto-exploring this place.
 F = Levels seen in this place.
 G = Mean time per level.
                   A        B        C        D        E       F      G
               +--------+--------+--------+--------+--------+-----+--------+
         Total |   2726 |   2628 |     98 |    849 |   1213 |   3 |  908.7 |
       Dungeon |   2726 |   2628 |     98 |    849 |   1213 |   3 |  908.7 |
               +--------+--------+--------+--------+--------+-----+--------+

Top non-repeatable levels by time:
     D:2: 972 daAuts
     D:1: 954 daAuts
     D:3: 800 daAuts
